Map: Eternal Empire LE

Players

Ziggy - Winner!

  • Race: Terran Terran
  • Spawn Location: 1:00

ShaDoWn

  • Race: Protoss Protoss
  • Spawn Location: 7:00

Event: IEM Katowice 2020

VOD

Have the link to the VOD?

Description

Time

  • Played on: Feb. 24, 2020, 5:18 a.m.
  • Length: 12:18

All games in this series

Show
View Real Time Build Order
Export as new Build Order

Ziggy Terran - Winner!

Build Orders: Banshee Rush 

Get SALT Encoding   

  12  0:00  SCV  
  13  0:12  SCV  
  14  0:19  Supply Depot  
  14  0:24  SCV  
  15  0:31  Refinery  
  15  0:47  Barracks  
  15  0:48  SCV  
  16  0:57  Refinery  
  16  1:00  SCV  
  17  1:12  SCV  
  18  1:25  SCV  
  19  1:35  Reaper  
  19  1:39  Factory  
  20  1:40  Orbital Command  
  20  1:50  Supply Depot  
  20  2:01  Bunker  
  20  2:06  Marine  
  21  2:12  SCV  
  22  2:24  Marine, Widow Mine  
  25  2:33  Bunker  
  25  2:42  Marine  
  25  2:43  Starport  
  25  2:46  Factory Tech Lab  
  25  2:49  SCV  
  26  3:00  Marine  
  26  3:05  Bunker  
  27  3:10  Cyclone  
  30  3:16  Bunker  
  30  3:18  SCV  
  31  3:22  Starport Tech Lab  
  31  3:33  Marine, Supply Depot  
  30  3:40  Cloaking Field  
  30  3:46  SCV  
  30  3:54  Banshee  
  34  3:58  SCV  
  33  4:10  SCV  
  33  4:13  Command Center  
  34  4:22  SCV  
  35  4:36  Command Center  
  33  4:40  Banshee  
  34  4:46  Siege Tank  
  34  4:49  SCV  
  38  4:56  Supply Depot  
  38  5:01  SCV  
  39  5:11  Barracks  
  39  5:17  SCV  
  39  5:18  Siege Tank  
  43  5:25  Orbital Command  
  43  5:34  SCV  
  44  5:36  Raven  
  46  5:46  SCV  
  46  5:48  Orbital Command  
  46  5:49  Orbital Command  
  47  5:53  Barracks Tech Lab  
  47  5:59  Siege Tank  
  47  6:01  Barracks Reactor  
  50  6:06  SCV  
  51  6:14  SCV, Stimpack  
  51  6:17  SCV  
  53  6:21  Marine  
  54  6:27  SCV  
  54  6:31  SCV  
  54  6:32  Barracks, Engineering Bay  
  56  6:33  SCV  
  56  6:38  Marine x2, Starport Reactor  
  56  6:39  Marine  
  60  6:44  Siege Tank  
  60  6:46  SCV  
  64  6:47  SCV  
  64  6:49  Refinery  
  64  6:54  SCV  
  66  6:56  Marine  
  66  6:57  Refinery  
  67  7:01  Marine x2  
  67  7:02  Supply Depot  
  67  7:03  Supply Depot  
  67  7:05  Terran Infantry Weapons Level 1  
  67  7:07  SCV  
  70  7:10  SCV  
  70  7:14  Marine, SCV  
  73  7:20  Siege Tank  
  73  7:21  SCV  
  77  7:23  Combat Shield, Marine x3  
  77  7:24  SCV  
  77  7:28  Supply Depot  
  77  7:29  SCV  
  82  7:32  Marine  
  83  7:38  Medivac  
  83  7:41  Marine x3  
  83  7:42  Medivac, Orbital Command  
  90  7:46  SCV  
  90  7:47  SCV  
  92  7:56  Barracks x3  
  92  7:58  Marine  
  92  7:59  Marine  
  92  8:01  Concussive Shells  
  92  8:03  SCV  
  92  8:04  SCV  
  96  8:06  Armory  
  96  8:08  Engineering Bay  
  96  8:09  SCV  
  97  8:18  SCV  
  98  8:22  Marine  
  98  8:23  Marine x2  
  100  8:30  Marauder  
  100  8:31  Medivac  
  99  8:35  Siege Tank  
  99  8:40  Marine x2  
  101  8:41  Marauder  
  101  8:46  SCV x2  
  101  8:47  Marine x2  
  98  8:51  Marine  
  93  8:57  SCV  
  93  8:58  SCV, Marine, Medivac  
  93  8:59  SCV  
  93  9:01  Medivac  
  101  9:09  SCV  
  99  9:10  SCV  
  99  9:13  Terran Infantry Armor Level 1, Terran Infantry Weapons Level 2  
  99  9:16  Barracks Tech Lab  
  99  9:17  Barracks Tech Lab  
  100  9:18  SCV  
  100  9:22  Refinery  
  100  9:23  Refinery  
  101  9:25  Marine x2, SCV x2  
  101  9:27  Marine x2, Supply Depot  
  101  9:29  Supply Depot  
  107  9:31  SCV  
  107  9:37  SCV  
  108  9:43  SCV  
  108  9:44  SCV  
  108  9:45  Marauder  
  110  9:49  SCV  
  110  9:50  Missile Turret  
  110  9:51  Marine, Missile Turret  
  112  9:55  SCV  
  112  9:56  SCV  
  112  9:57  Barracks Reactor  
  114  10:01  SCV  
  114  10:05  Marine x2, Marauder  
  119  10:07  SCV  
  119  10:09  SCV  
  119  10:12  Marauder x2  
  125  10:21  SCV  
  125  10:23  Marauder  
  125  10:27  Marauder  
  124  10:30  SCV x2  
  124  10:33  Marauder, Ghost Academy  
  124  10:34  Marine x2  
  124  10:35  Marauder  
  132  10:38  Missile Turret  
  132  10:40  Missile Turret  
  132  10:50  Supply Depot, Marauder  
  132  10:51  Supply Depot  
  132  10:54  Marauder  
  132  10:55  Marauder, Siege Tank  
  132  10:56  Medivac x2  
  142  11:17  Marine  
  142  11:18  Marauder  
  132  11:19  Marine, Marauder  
  132  11:24  Marine, Marauder  
  127  11:27  Marine, Marauder  
  127  11:28  Medivac x2  
  127  11:30  SCV  
  127  11:31  SCV  
  135  11:35  Marine  
  135  11:39  Marauder, Command Center  
  138  11:46  Marauder x2  
  139  11:52  Marine x3  
  139  11:53  Marauder  
Show
View Real Time Build Order
Export as new Build Order

ShaDoWn Protoss 

Build Orders:  

Get SALT Encoding   

  12  0:00  Probe  
  13  0:12  Probe  
  14  0:17  Pylon  
  14  0:25  Probe  
  15  0:37  Probe (Chrono Boost)  
  15  0:38  Gateway  
  16  0:48  Probe (Chrono Boost)  
  17  0:50  Assimilator  
  17  0:53  Probe (Chrono Boost)  
  18  1:04  Probe  
  19  1:16  Probe  
  20  1:26  Zealot  
  20  1:28  Cybernetics Core  
  20  1:29  Pylon  
  22  1:34  Probe  
  23  1:51  Probe  
  24  1:55  Nexus  
  24  2:03  Stalker (Chrono Boost)  
  26  2:08  Probe  
  26  2:10  Warp Gate  
  27  2:18  Assimilator  
  27  2:21  Probe  
  28  2:33  Probe  
  29  2:38  Pylon  
  29  2:39  Stalker (Chrono Boost)  
  31  2:54  Shield Battery  
  31  2:55  Shield Battery  
  31  3:02  Stalker  
  33  3:15  Shield Battery  
  33  3:32  Stalker  
  34  3:41  Probe, Robotics Facility  
  32  3:48  Shield Battery  
  32  3:55  Probe  
  33  3:59  Probe  
  34  4:07  Probe  
  35  4:18  Probe  
  35  4:21  Stalker  
  34  4:38  Probe, Immortal (Chrono Boost)  
  35  4:44  Gateway  
  39  4:46  Gateway  
  39  4:49  Stalker  
  41  4:53  Probe  
  41  4:54  Probe  
  43  5:05  Probe  
  44  5:10  Probe  
  44  5:13  Sentry  
  49  5:18  Probe  
  49  5:19  Observer (Chrono Boost)  
  49  5:20  Pylon  
  49  5:22  Probe  
  46  5:30  Probe  
  45  5:36  Observer (Chrono Boost)  
  45  5:37  Probe  
  47  5:45  Probe  
  47  5:49  Probe  
  49  5:51  Shield Battery  
  49  5:56  Immortal (Chrono Boost)  
  49  5:59  Zealot  
  49  6:04  Zealot  
  56  6:08  Pylon  
  56  6:20  Zealot  
  56  6:21  Zealot  
  56  6:25  Immortal (Chrono Boost)  
  62  6:28  Probe x2  
  63  6:36  Stalker  
  65  6:40  Probe x2  
  67  6:52  Probe x2 (Chrono Boost)  
  69  7:04  Probe (Chrono Boost)  
  69  7:05  Assimilator  
  69  7:06  Assimilator  
  70  7:11  Pylon  
  70  7:13  Warp Prism (Chrono Boost)  
  70  7:22  Nexus  
  70  7:25  Pylon  
  72  7:30  Probe x2 (Chrono Boost)  
  72  7:36  Forge  
  72  7:37  Probe x2 (Chrono Boost), Twilight Council  
  73  7:44  Probe x2  
  73  7:45  Observer  
  73  7:50  Sentry  
  78  7:56  Gateway  
  78  7:57  Gateway  
  78  8:00  Gateway  
  78  8:07  Pylon  
  78  8:10  Protoss Ground Weapons Level 1  
  78  8:13  Charge  
  78  8:16  Probe x2  
  80  8:29  Zealot  
  80  8:30  Probe  
  77  8:35  Probe  
  65  8:47  Zealot x2  
  67  8:48  Probe  
  65  8:58  Stalker x3  
  65  8:59  Stalker  
  65  9:01  Observer (Chrono Boost)  
  65  9:02  Probe  
  69  9:09  Nexus  
  69  9:16  Pylon  
  69  9:24  Templar Archives  
  70  9:31  Observer (Chrono Boost)  
  70  9:33  Sentry  
  70  9:34  Zealot x3  
  75  9:40  Probe  
  75  9:44  Immortal (Chrono Boost)  
  79  9:46  Probe  
  79  9:52  Probe, Psionic Storm  
  81  9:53  Zealot x2  
  81  9:58  Probe  
  86  10:04  Probe  
  86  10:05  High Templar  
  89  10:10  Probe  
  90  10:16  High Templar  
  84  10:29  High Templar  
  84  10:30  Probe x2 (Chrono Boost)  
  84  10:31  Probe (Chrono Boost)  
  84  10:32  Assimilator  
  88  10:36  Assimilator  
  88  10:40  Probe (Chrono Boost)  
  90  10:43  Probe (Chrono Boost)  
  90  10:44  High Templar, Zealot x3  
  98  10:54  Probe x2  
  100  10:58  Shield Battery  
  100  11:00  High Templar, Photon Cannon  
  102  11:07  Zealot x4  
  98  11:16  Zealot  
  66  11:28  Zealot x4  
  68  11:34  Zealot  
  68  11:38  Stalker  
  69  11:50  Zealot x4  
  69  11:53  Probe, Pylon  
  76  11:57  Probe x2  
  78  12:01  Pylon  
  76  12:11  Stalker  
  76  12:12  Stalker x3  

Tags
 
Add a new tag
Caveats
  • Supply blocks, unpowered buildings, or Contaminate may cause inaccurate times.
  • Supply counts are checked every 10 seconds.